 Dungeon Crawl Stone Soup version 0.31.0-32-g396128a36d (webtiles) character file.

Game seed: 17984370288007335054

152 Dvallin the Ruffian (level 5, -6/12 HPs)
             Began as a Draconian Shapeshifter on Apr 1, 2024.
             Mangled by a gnoll bouda
             ... wielding a +0 club
              (7 damage)
             ... on level 3 of the Dungeon.
             The game lasted 00:03:30 (2322 turns).

Dvallin the Ruffian (Draconian Shapeshifter)        Turns: 2322, Time: 00:03:30

Health: -6/12      AC:  5    Str: 16    XL:     5   Next: 11%
Magic:  5/5        EV: 12    Int: 11    God:
Gold:   120        SH:  0    Dex: 12    Spells: 4/4 levels left

rFire   . .          .
                       - Unarmed
rCold   . . .        (no shield)
rNeg    . . .        (body armour unavailable)
rPois   .            (helmet restricted)
rElec   .            (no cloak)
rCorr   .            (no gloves)
SInv    .            (no boots)
Will    .....        (no amulet)
Stlth   +            (no ring)
HPRegen 0.22/turn    (no ring)
MPRegen 0.09/turn

%: no passive effects
@: maw-form, weakened
A: devouring maw, reduced hp, AC +5, unfitting armour, cold-blooded
a: Begin Untransformation


You were on level 3 of the Dungeon.
You were a creature with a mouth for a stomach.
You visited 1 branch of the dungeon, and saw 4 of its levels.

You collected 120 gold pieces.

Inventory:

Talismans
 b - a beast talisman
 c - a flux talisman
 q - a maw talisman (active)
Wands
 p - a wand of digging (4)
 r - a wand of roots (17)
Scrolls
 g - 3 scrolls of immolation {unknown}
 i - 2 scrolls of poison {unknown}
 j - 3 scrolls of identify {unknown}
 n - a scroll of teleportation {unknown}
 o - a scroll of fear {unknown}
 s - a scroll of blinking {unknown}
Potions
 a - a potion of lignification
 d - 2 potions of curing {unknown}
 e - 2 potions of resistance {unknown}
 f - 2 potions of ambrosia {unknown}
 h - 2 potions of heal wounds {unknown}
 k - 3 potions of attraction {unknown}
 l - a potion of might {unknown}
 m - a potion of mutation {unknown}


   Skills:
 - Level 1.1 Fighting
 - Level 1.7 Dodging
 + Level 5.8 Unarmed Combat
 * Level 3.1 Shapeshifting


You had 4 spell levels left.
You didn't know any spells.
Your spell library was empty.

Dungeon Overview and Level Annotations

Branches:
Dungeon (4/15)
 Temple: D:4-7

Altars:
Sif Muna


Innate Abilities, Weirdness & Mutations

You are a creature with a mouth for a stomach.
Your midsection houses a second, enormous mouth.
Your maximum health is decreased, since you lack skill for your form.
Your plain brown scales are hard. (AC +5)
You cannot fit into any form of body armour.
You are cold-blooded and may be slowed by cold attacks.


Message History

There is a stone staircase leading up here.
There are monsters nearby!
You hit the gnoll bouda but do no damage.
Your bite misses the gnoll bouda. You punch the gnoll bouda!
The gnoll bouda is heavily wounded.
The gnoll hits you from afar with a +1 vampiric spear.
The gnoll bouda gazes fiercely through you!
You feel your attacks grow feeble. The gnoll bouda barely misses you.
You hit the gnoll bouda.
You bite the gnoll bouda, but do no damage.
The gnoll bouda is severely wounded.
The gnoll misses you.
The gnoll bouda hits you but does no damage.
You barely miss the gnoll bouda.
You bite the gnoll bouda, but do no damage.
The gnoll bouda is severely wounded.
The gnoll closely misses you. The gnoll bouda closely misses you.
You barely miss the gnoll bouda.
The gnoll bouda is severely wounded.
The gnoll closely misses you.
The gnoll bouda hits you with a +0 club.
Ouch! That really hurt!
* * * LOW HITPOINT WARNING * * *
You are too injured to fight recklessly!
You are too injured to fight recklessly!
You are too injured to fight recklessly!
The gnoll bouda gazes fiercely through you!
You feel as though you will be weak longer.
The gnoll bouda hits you but does no damage.
The gnoll hits you from afar with a +1 vampiric spear.
* * * LOW HITPOINT WARNING * * *
You climb upwards.
There is a stone staircase leading down here.
You hit the gnoll bouda. Your bite misses the gnoll bouda.
The gnoll bouda is severely wounded.
The gnoll bouda hits you with a +0 club!
Ouch! That really hurt!
You die...

..# #.........#
#.# #.#.##### ..#
#####'##### #.#
#.#.#.... ..# #.#
#.# #.#.##.## ..#
#.# #.# #.#.##.#.
..# #.########'###
#.#.##.#. ..#
#....#.......#
#.#.##.#. ..#
####.#.......#
#.#....#<
..########
#.#.......##
#.#######
.........#
#....W.....#
#........
########.#
#####g.....#
######### #.#
#####......#
#.###.........(#
#...'..<..######
############.....#
.........# #.....#
########.# #####.#
#....#.# #.#


You could see a gnoll bouda.

Vanquished Creatures
  A bombardier beetle (D:3)
  Robin (D:3)
  3 adders (D:2)
  A ribbon worm (D:2)
  A dart slug (D:2)
  4 bats
  6 endoplasms
  2 giant cockroaches
  3 hobgoblins
  9 jackals
  5 kobolds
  7 quokkas
  6 ball pythons
  2 frilled lizards (D:2)
  14 goblins
  5 rats
70 creatures vanquished.

Notes
Turn   | Place    | Note
-------+----------+-------------------------------------------
     0 | D:1      | Dvallin the Draconian Shapeshifter began the quest for the
                  | Orb.
     0 | D:1      | Reached XP level 1. HP: 16/16 MP: 1/1
    82 | D:1      | Reached XP level 2. HP: 22/23 MP: 2/2
   258 | D:1      | Found a faded altar of an unknown god.
   316 | D:1      | Reached skill level 4 in Unarmed Combat
   506 | D:1      | Reached XP level 3. HP: 28/28 MP: 3/3
  1038 | D:2      | Reached skill level 5 in Unarmed Combat
  1038 | D:2      | Reached XP level 4. HP: 35/35 MP: 4/4
  1335 | D:3      | Noticed Robin
  1344 | D:3      | Killed Robin
  1380 | D:3      | Found a shimmering blue altar of Sif Muna.
  1419 | D:3      | Reached XP level 5. HP: 23/40 MP: 5/5
  2322 | D:3      | Mangled by a gnoll bouda

Illustrated notes

Levels and vault maps discovered:
D:1:      kennysheep_arrival_forest, layout_rooms,
          shapermc_ecumenical_altar_totnotflames, minmay_pentomino_x4
D:2:      layout_basic
D:3:      layout_basic, mainiacjoe_overflow_six_doors_small,
          roderic_serpentine_path, uniq_robin
D:4:      layout_basic, fedhas_altar_decomposition, minmay_temple_entry_fiery,
          uniq_sigmund

Skill      XL: |  1  2  3 |
---------------+----------+-----
Unarmed Combat | 4 5 |  5.8
Fighting       | |  1.1
Dodging        | |  1.7
Shapeshifting  | |  3.1

Action                     |  1- 3 |  4- 6 || total
---------------------------+-------+-------++-------
  Melee: Unarmed           |   113 |    74 ||   187
         Tailslap          |    12 |     7 ||    19
         Punch             |       |     2 ||     2
         Maw               |       |     5 ||     5
 Armour: Skin              |    46 |    30 ||    76
  Dodge: Dodged            |    66 |    31 ||    97
   Form: Maw               |       |     1 ||     1
